 Dungeon Crawl Stone Soup version 0.23.2-1-ga50397a (webtiles) character file.

Game seed: 10737391419254318055

220 schauveau the Archer (level 5, 0/41 HPs)
             Began as a Centaur Hunter on May 2, 2019.
             Was an Initiate of Okawaru.
             Killed from afar by an orc wizard (6 damage)
             ... with a magic dart
             ... in the Ecumenical Temple.
             The game lasted 00:04:04 (2438 turns).

schauveau the Archer (Centaur Hunter)               Turns: 2438, Time: 00:04:05

Health: 0/41       AC:  5    Str: 14    XL:     5   Next: 64%
Magic:  5/5        EV:  9    Int: 10    God:    Okawaru [......]
Gold:   101        SH:  0    Dex: 11    Spells: 4/4 levels left

rFire    . . .     SeeInvis .   a - +1 shortbow
rCold    . . .     Gourm    .   (shield currently unavailable)
rNeg     . . .     Faith    .   c - +0 leather armour
rPois    .         Spirit   .   (no helmet)
rElec    .         Reflect  .   i - +0 cloak
rCorr    .         Harm     .   (no gloves)
MR       .....                  (no barding)
Stlth    +.........             (no amulet)
HPRegen  0.13/turn              (no ring)
MPRegen  0.09/turn              (no ring)

@: very quick
A: large, hooves 3, deformed body, speed 2, tough skin 3
a: Renounce Religion


You were in the Ecumenical Temple.
You worshipped Okawaru.
Okawaru was noncommittal.
You were hungry.

You visited 2 branches of the dungeon, and saw 6 of its levels.

You collected 101 gold pieces.

Inventory:

Hand Weapons
 a - a +1 shortbow (weapon)
 b - a +0 short sword
Missiles
 d - 24 arrows (quivered)
Armour
 c - a +0 leather armour (worn)
 i - a +0 cloak (worn)
Jewellery
 h - an uncursed ring of wizardry {unknown}
Scrolls
 j - 2 scrolls of blinking {unknown}
 l - 2 scrolls of teleportation {unknown}
 o - 2 scrolls of identify {unknown}
 p - a scroll of enchant armour {unknown}
 q - a scroll of fog {unknown}
 r - a scroll of remove curse {unknown}
Potions
 e - 2 potions of curing
 k - a potion of resistance {unknown}
 m - a potion of heal wounds {unknown}
 n - a potion of might {unknown}
 s - a potion of haste {unknown}
Comestibles
 f - 5 rations


   Skills:
 - Level 2.0 Fighting
 * Level 9.2 Bows
 - Level 1.3 Dodging
 - Level 0.4 Stealth


You had 4 spell levels left.
You didn't know any spells.
Your spell library contained the following spells:

 Spells                   Type           Power        Failure   Level  Hunger
 Animate Skeleton         Necr           N/A          43%         1    ##.....
 Apportation              Tloc           #.....       43%         1    ##.....
 Confusing Touch          Hex            #.....       43%         1    ##.....
 Summon Small Mammal      Summ           #...         43%         1    ##.....


Dungeon Overview and Level Annotations

Branches:
Dungeon (5/15)             Temple (1/1) D:4

Altars:
Cheibriados
Elyvilon
Fedhas
Gozag
Makhleb
Okawaru
Ru
Sif Muna
Vehumet
Wu Jian
Xom
Yredelemnul


Innate Abilities, Weirdness & Mutations

You have hooves in place of feet.
Armour fits poorly on your strangely shaped body.
You cover ground very quickly.
You have extremely tough skin. (AC +3)


Message History

* * * LOW HITPOINT WARNING * * *
Firing (i - inventory)
d - 26 arrows (quivered)
Press: ? - help, Shift-Dir - straight line, f - you Really target yourself?
Okay, then.
Unknown command.
Firing (i - inventory)
d - 26 arrows (quivered)
Press: ? - help, Shift-Dir - straight line You shoot an arrow.
You hear some strange, mumbled words.
A magic dart appears from out of thin air!
The magic dart hits you.
* * * LOW HITPOINT WARNING * * *
Firing (i - inventory)
d - 25 arrows (quivered)
Press: ? - help, Shift-Dir - straight line You shoot an arrow.
You hear some strange, mumbled words.
A magic dart appears from out of thin air!
The magic dart hits you.
You die...

#..
##....####.##....###...#..
#...
#.......###.......#.....#.
#..._
#.._.....#....._..#.._...#
.....
#.................#.......
#....
##....#.....#....###.....#
.#...
##...##...##...#.###...##
#...#.##.####...###.....#
#.... ##...##.....#.......
...#. #..@{(#_.#......._..
#.. ##.[.##.....#.......
##.##.#...###.....#
...##...## ##...#. ...
#.... .....# ..........
..... ..#....._ _...# ..#
#... .#.


There were no monsters in sight!

Vanquished Creatures
  A centaur skeleton (D:4)
  2 worker ants (D:4)
  A hound skeleton (D:4)
  3 gnolls (D:3)
  3 adders
  2 oozes
  An adder skeleton (D:3)
  3 worms
  A dart slug (D:1)
  2 leopard geckos (D:2)
  An orc (Temple)
  A giant cockroach (D:1)
  5 goblins
  4 hobgoblins
  4 jackals (D:4)
  A quokka (D:4)
  6 bats (D:1)
  9 frilled lizards
  6 kobolds
  A leopard gecko skeleton (D:4)
  A quokka skeleton (D:4)
  2 rats (D:1)
60 creatures vanquished.

Notes
Turn   | Place    | Note
-------+----------+-------------------------------------------
     0 | D:1      | schauveau the Centaur Hunter began the quest for the Orb.
     0 | D:1      | Reached XP level 1. HP: 17/17 MP: 1/1
   264 | D:1      | Reached skill level 6 in Bows
   264 | D:1      | Reached XP level 2. HP: 20/24 MP: 2/2
   464 | D:2      | Found a snail-covered altar of Cheibriados.
   983 | D:1      | Reached XP level 3. HP: 26/29 MP: 3/3
  1208 | D:2      | Reached skill level 7 in Bows
  1464 | D:3      | Found a radiant altar of Vehumet.
  1496 | D:3      | Reached XP level 4. HP: 23/36 MP: 4/4
  1750 | D:4      | Reached skill level 8 in Bows
  1849 | D:4      | Reached XP level 5. HP: 26/41 MP: 5/5
  2036 | D:5      | Entered Level 5 of the Dungeon
  2106 | D:4      | Found a staircase to the Ecumenical Temple.
  2111 | D:4      | Reached skill level 9 in Bows
  2133 | Temple   | Entered the Ecumenical Temple
  2404 | Temple   | Became a worshipper of Warmaster Okawaru
  2438 | Temple   | Killed from afar by an orc wizard

Skill      XL: |  1  2  3  4  5 |
---------------+----------------+-----
Bows           | 6 7 8 9 |  9.2
Fighting       | |  2.0
Dodging        | |  1.3
Stealth        | |  0.4

Action                   |  1- 3 |  4- 6 || total
-------------------------+-------+-------++-------
Melee: Short sword       |   107 |    36 ||   143
       Kick              |    20 |     6 ||    26
 Fire: Shortbow          |    40 |    55 ||    95
  Use: Potion            |       |     2 ||     2
  Eat: Chunk             |     1 |     2 ||     3
Armor: Leather armour    |    56 |    29 ||    85
Dodge: Dodged            |    64 |    28 ||    92
